 Dungeon Crawl Stone Soup version 0.25-b1-38-g32f9adbbe0 (webtiles) character file.

Game seed: 10093792921346991399

220 Esekla the Grave Robber (level 5, -2/45 HPs)
             Began as a Naga Necromancer on June 7, 2020.
             Was a Believer of Elyvilon.
             Slain by an ogre
             ... wielding a +0 giant club
              (18 damage)
             ... on level 5 of the Dungeon.
             The game lasted 00:17:59 (2538 turns).

Esekla the Grave Robber (Naga Necromancer)          Turns: 2538, Time: 00:17:59

Health: -2/45      AC:  2    Str: 10    XL:     5   Next: 97%
Magic:  9/9        EV: 10    Int: 16    God:    Elyvilon [**....]
Gold:   148        SH:  0    Dex: 12    Spells: 5/9 levels left

rFire    . . .     SeeInvis +   i - +2 short sword (venom)
rCold    . . .     Gourm    .   (no shield)
rNeg     . . .     Faith    .   a - +0 robe
rPois    +         Spirit   .   (no helmet)
rElec    .         Reflect  .   (no cloak)
rCorr    .         Harm     .   (no gloves)
MR       .....                  (no barding)
Stlth    ++........             (no amulet)
HPRegen  0.15/turn              (no ring)
MPRegen  0.11/turn              (no ring)

@: very slow
A: large, see invisible, deformed body, poison resistance, slowness 2, slow
metabolism 1, spit poison 1, AC +1
a: Spit Poison, Lesser Healing, Heal Other, Divine Protection, Renounce Religion


You were on level 5 of the Dungeon.
You worshipped Elyvilon.
Elyvilon was pleased with you.
You were not hungry.

You visited 1 branch of the dungeon, and saw 5 of its levels.

You collected 148 gold pieces.

Inventory:

Hand Weapons
 b - a +0 spear
 i - a +2 short sword of venom (weapon)
Missiles
 p - 16 poisoned darts (quivered)
Armour
 a - a +0 robe (worn)
Jewellery
 n - an uncursed amulet of guardian spirit
Scrolls
 d - a scroll of magic mapping {unknown}
 f - a scroll of blinking {unknown}
 h - a scroll of identify {unknown}
 k - a scroll of amnesia {unknown}
 m - 2 scrolls of remove curse {unknown}
 o - a scroll of enchant armour {unknown}
 r - 3 scrolls of teleportation {unknown}
Potions
 e - a potion of lignification {unknown}
 g - a potion of brilliance {unknown}
 j - a potion of haste {unknown}
 l - a potion of heal wounds {unknown}
Comestibles
 c - 2 rations


   Skills:
 * Level 1.8 Fighting
 * Level 2.6 Short Blades
 + Level 1.9 Dodging
 + Level 4.0 Stealth
 * Level 2.7 Spellcasting
 + Level 5.0 Necromancy


You had 5 spell levels left.
You knew the following spells:

 Your Spells              Type           Power        Failure   Level  Hunger
a - Pain                  Necr           ###.         2%          1    #......
d - Vampiric Draining     Necr           ###.......   7%          3    ###....

Your spell library contained the following spells:

 Spells                   Type           Power        Failure   Level  Hunger
 Animate Skeleton         Necr           N/A          2%          1    #......
 Animate Dead             Necr           N/A          24%         4    #####..
 Agony                    Necr           ###.....     54%         5    ######.


Dungeon Overview and Level Annotations

Branches:
Dungeon (5/15)
 Temple: D:4-7

Altars:
Cheibriados
Elyvilon
Ru

Annotations:
D:5 Blork the orc


Innate Abilities, Weirdness & Mutations

You cannot wear boots.
Your serpentine skin is tough. (AC +1)
You have supernaturally acute eyesight. (SInv)
Armour fits poorly on your strangely shaped body.
Your system is resistant to poisons. (rPois)
You cover ground very slowly.
You have a slow metabolism.
You can spit poison.


Message History

The splash of poison hits the ogre!
The ogre is moderately wounded.
You feel slightly more hungry.
You hit the ogre.
The ogre is moderately wounded.
The ogre closely misses you.
You barely miss the ogre.
The ogre is moderately wounded.
The ogre closely misses you.
You hit the ogre.
The ogre is poisoned.
The ogre is heavily wounded.
You have got your breath back.
You barely miss the ogre.
The ogre is heavily wounded.
The ogre hits you with a +0 giant club!
You hit the ogre.
The ogre looks as sick as possible!
The ogre is severely wounded.
The ogre hits you with a +0 giant club!
The ogre hits you with a +0 giant club!!
You die...

############
#.<........#
#.########.#
#.########.##
#...........#
#......###..#
#########.####.#
#..# #..O@.....#
#.# #..#
#.#######.#
#.###..# #.#
.... #......†
#....>...#
#.#.######..#
#........# #.#.#
#..# #........#
#.# ######..#
#........#
#..l........#
#........#
.#.#######.#
#.........
....#.....#


You could see an ogre (extremely poisoned).

Vanquished Creatures
  An ogre (D:4)
  A scorpion (D:5)
  A worker ant zombie (D:5)
  4 adders
  A shadow imp (D:5)
  2 worms
  A dart slug (D:3)
  A leopard gecko (D:3)
  An orc (D:4)
  2 giant cockroaches
  2 goblins
  3 hobgoblins (D:3)
  7 kobolds
  A quokka skeleton (D:5)
  3 rats (D:3)
31 creatures vanquished.

Notes
Turn   | Place    | Note
-------+----------+-------------------------------------------
     0 | D:1      | Esekla the Naga Necromancer began the quest for the Orb.
     0 | D:1      | Reached XP level 1. HP: 15/15 MP: 3/3
   363 | D:3      | Reached XP level 2. HP: 10/24 MP: 5/5
   805 | D:2      | Found a snail-covered altar of Cheibriados.
  1144 | D:3      | Reached XP level 3. HP: 17/30 MP: 6/6
  1149 | D:3      | Learned a level 3 spell: Vampiric Draining
  1258 | D:3      | Found a faded altar of an unknown god.
  1279 | D:3      | Became a worshipper of Elyvilon the Healer
  1279 | D:3      | Reached * piety under Elyvilon
  1313 | D:3      | Found a sacrificial altar of Ru.
  1314 | D:3      | Noticed a phantom
  1774 | D:5      | Entered Level 5 of the Dungeon
  1778 | D:5      | Noticed a scorpion
  1781 | D:5      | Killed a scorpion
  1781 | D:5      | Reached skill level 1 in Fighting
  1781 | D:5      | Reached skill level 1 in Short Blades
  1781 | D:5      | Reached XP level 4. HP: 38/38 MP: 7/7
  1783 | D:5      | Noticed Blork the orc
  2098 | D:4      | Noticed an ogre
  2118 | D:4      | Killed an ogre
  2118 | D:4      | Reached skill level 5 in Necromancy
  2118 | D:4      | Reached XP level 5. HP: 31/45 MP: 7/9
  2459 | D:5      | Reached ** piety under Elyvilon
  2528 | D:5      | Noticed an ogre
  2538 | D:5      | Slain by an ogre

Illustrated notes

Levels and vault maps discovered:
D:1:      dpeg_arrival_fog, layout_loops_corners, chequers_serial_rivers_marsh
D:2:      layout_loops_corners, lemuel_coloured_pillars_altar, tso_altar,
          nicolae_overflow_hidden_temple, lemuel_doored_altar, first_ration,
          minmay_pentomino_z4, uniq_terence
D:3:      layout_rooms, lemuel_round_altar, chequers_ecumenical_altar_island
D:4:      layout_rooms
D:5:      layout_loops_ring, lemuel_zombie_altar_kikubaaqudgha,
          uniq_blork_the_orc

Skill      XL: |  1  2  3  4  5 |
---------------+----------------+-----
Fighting       | 1 |  1.8
Short Blades   | 1 2 |  2.6
Necromancy     | 5 |  5.0
Stealth        | 4 |  4.0
Dodging        | |  1.9
Spellcasting   | |  2.7

Action                   |  1- 3 |  4- 6 || total
-------------------------+-------+-------++-------
Melee: Spear             |     5 |       ||     5
       Dagger            |    11 |       ||    11
       Short sword       |    33 |    34 ||    67
 Cast: Vampiric Draining |     2 |       ||     2
 Abil: Spit Poison       |    22 |     6 ||    28
 Stab: Sleeping          |     2 |       ||     2
  Eat: Chunk             |     3 |     2 ||     5
Armor: Robe              |     3 |     2 ||     5
Dodge: Dodged            |    34 |    19 ||    53
